 Dungeon Crawl Stone Soup version 0.17.1-3-g152610e (webtiles) character file.

137 jacquesderrida the Caller (level 5, -2/35 HPs)
             Began as a Demonspawn Summoner on Apr 28, 2016.
             Slain by a phantom (8 damage)
             ... on level 4 of the Dungeon.
             The game lasted 00:10:36 (2008 turns).

jacquesderrida the Caller (Demonspawn Summoner)     Turns: 2008, Time: 00:10:36

Health: -2/35      AC:  5    Str:  8    XL:     5   Next: 0%
Magic:  3/8        EV: 12    Int: 18    God:
Gold:   86         SH:  3    Dex: 13    Spells: 3 memorised, 2 levels left

rFire  . . .     SeeInvis .     d - +0 whip
rCold  . . .     Clarity  .     a - +0 robe
rNeg   . . .     SustAt   .     (no shield)
rPois  +         Gourm    .     (helmet restricted)
rElec  .         Spirit   .     (no cloak)
rCorr  .         Warding  .     (no gloves)
rMut   .         Stasis   .     (no boots)
MR     .....                    (no amulet)
Stlth  ++........               (no ring)
                                f - ring of poison resistance

@: not resistant to hostile enchantments, unstealthy
A: antennae 1, large bone plates 2, powered by death 1
a: no special abilities


You were on level 4 of the Dungeon.
You were not hungry.

You visited 1 branch of the dungeon, and saw 4 of its levels.

You collected 86 gold pieces.

Inventory:

Hand Weapons
 d - a +0 whip (weapon)
 h - a +0 dagger
 k - a +0 spear
 n - a +0 dagger of distortion
 u - a +0 blowgun
Missiles
 v - 22 poisoned needles
Armour
 a - a +0 robe (worn)
 y - a +3 ring mail of cold resistance
Jewellery
 f - a ring of poison resistance (left hand)
Scrolls
 e - a scroll of random uselessness {unknown}
 g - 3 scrolls of identify {unknown}
 j - a scroll of enchant weapon {unknown}
 o - a scroll of magic mapping {unknown}
 s - 4 scrolls of recharging {unknown}
 t - a scroll of immolation {unknown}
Potions
 l - 3 potions of heal wounds {unknown}
 m - a potion of degeneration {unknown}
 q - 2 potions of flight {unknown}
 r - a potion of cancellation {unknown}
 w - a potion of curing {unknown}
 z - a potion of agility {unknown}
Books
 b - a book of Callings

   Spells                             Type                      Level
   a - Summon Small Mammal            Summoning                    1
   b - Call Imp                       Summoning                    2
   c - Call Canine Familiar           Summoning                    3
   d - Summon Guardian Golem          Hexes/Summoning              3
   e - Summon Lightning Spire         Summoning/Air                4
   f - Summon Ice Beast               Ice/Summoning                4
Comestibles
 c - 4 bread rations
 i - a meat ration
 p - a beef jerky
 x - a chunk of flesh
 A - 4 fruits


   Skills:
 - Level 1.7 Dodging
 - Level 1.7 Stealth
 - Level 2.0 Spellcasting
 + Level 6.3 Summonings


You had 2 spell levels left.
You knew the following spells:

 Your Spells              Type           Power        Failure   Level  Hunger
a - Summon Small Mammal   Summ           ###.         1%          1    #......
b - Call Imp              Summ           ###.....     1%          2    ###....
c - Call Canine Familiar  Summ           ###.....     4%          3    ###....


Dungeon Overview and Level Annotations

Branches:
Dungeon (4/15)
 Temple: D:4-7

Altars:
Dithmenos
Qazlal


Innate Abilities, Weirdness & Mutations

You have a pair of small antennae on your head.
You are mostly covered in large bone plates (AC +3, SH +3).
You regenerate a little health from kills.


Message History

* * * LOW HITPOINT WARNING * * *
Your crimson imp misses the crimson imp.
The crimson imp barely misses your crimson imp.
Your crimson imp closely misses the crimson imp.
Your crimson imp blinks!
The crimson imp hits your crimson imp.
Your crimson imp hits the crimson imp.
The crimson imp grins evilly.
The crimson imp barely misses your crimson imp.
Your hound barely misses the crimson imp.
Your crimson imp barely misses the crimson imp.
Your hound completely misses the crimson imp.
The crimson imp hits your crimson imp but does no damage.
Your crimson imp blinks!
Your crimson imp barely misses the crimson imp.
The phantom misses you.
Your crimson imp blinks!
Your crimson imp blinks!
The phantom hits you!
You die...

#......#####..............#
#...[....# ###.#..........#
.........# #.#..W.......#
.........#####............#
#......#h....##...........#
##....##[###..#.########..#
###....#.####.#.##### ..#
.##..#.#............## ...
...#.#.####>...W@....# .#
##.#.#.# #....o.....#
#.h5..#####§.......##
###....§...h..######
#......###### #......#
########


You could see a phantom, an orc and a friendly hound.

Vanquished Creatures
  An adder (D:4)
  A giant gecko (D:3)
  2 bats
  A hobgoblin (D:2)
  2 jackals (D:3)
  A kobold (D:3)
  A quokka (D:2)
  A ball python (D:3)
  2 rats (D:3)
12 creatures vanquished.

Vanquished Creatures (collateral kills)
  An ogre (D:3)
  4 adders
  3 worms (D:3)
  2 giant geckos (D:2)
  3 giant cockroaches
  4 goblins
  4 hobgoblins
  5 jackals
  5 kobolds
  4 bats
  2 giant newts
  2 rats
39 creatures vanquished.

Grand Total: 51 creatures vanquished

Notes
Turn   | Place    | Note
--------------------------------------------------------------
     0 | D:1      | jacquesderrida the Demonspawn Summoner began the quest for the Orb.
     0 | D:1      | Reached XP level 1. HP: 13/13 MP: 3/3
   389 | D:2      | Gained mutation: You are partially covered in large bone plates (AC +2, SH +2). [demonic ancestry]
   389 | D:2      | Reached XP level 2. HP: 17/19 MP: 0/5
   419 | D:2      | Learned a level 2 spell: Call Imp
   653 | D:2      | Found a shadowy altar of Dithmenos.
   764 | D:2      | Reached skill level 5 in Summonings
   764 | D:2      | Gained mutation: You are mostly covered in large bone plates (AC +3, SH +3). [demonic ancestry]
   764 | D:2      | Reached XP level 3. HP: 2/24 MP: 1/6
   914 | D:2      | Learned a level 3 spell: Call Canine Familiar
  1228 | D:3      | Found a stormy altar of Qazlal.
  1447 | D:4      | Noticed a phantom
  1709 | D:3      | Noticed an ogre
  1729 | D:3      | Killed an ogre
  1729 | D:3      | Reached skill level 6 in Summonings
  1729 | D:3      | Gained mutation: You have a pair of small antennae on your head. [demonic ancestry]
  1729 | D:3      | Reached XP level 4. HP: 30/30 MP: 2/7
  1818 | D:4      | Gained mutation: You regenerate a little health from kills. [demonic ancestry]
  1818 | D:4      | Reached XP level 5. HP: 33/35 MP: 5/8
  2008 | D:4      | Slain by a phantom

Action                   |  1- 3 |  4- 6 || total
-------------------------+-------+-------++-------
Melee: Whip              |    63 |    18 ||    81
 Fire: Blowgun           |     2 |     1 ||     3
 Cast: Summon Small Mamm |    24 |       ||    24
       Call Imp          |    13 |     4 ||    17
       Call Canine Famil |    14 |     4 ||    18
 Stab: Sleeping          |     1 |       ||     1
       Distracted        |       |     1 ||     1
  Eat: Chunk             |     5 |     2 ||     7
